 Dungeon Crawl Stone Soup version 0.21.1-1-g345015fe64 (webtiles) character file.

32 Gargoyl the Skirmisher (level 3, 0/31 HPs)
             Began as a Centaur Abyssal Knight on June 10, 2018.
             Was a Follower of Lugonu.
             Succumbed to an adder's poison
             ... on level 2 of the Dungeon.
             The game lasted 00:03:19 (1438 turns).

Gargoyl the Skirmisher (Centaur Abyssal Knight)     Turns: 1438, Time: 00:03:20

Health: 0/31       AC:  8    Str: 14    XL:     3   Next: 8%
Magic:  4/4        EV:  4    Int: 11    God:    Lugonu [*.....]
Gold:   13         SH:  0    Dex:  9    Spells: 2/2 levels left

rFire    + . .     SeeInvis .   a - +1 hand axe
rCold    . . .     Gourm    .   (no shield)
rNeg     . . .     Faith    .   i - +0 chain mail
rPois    .         Spirit   .   (no helmet)
rElec    .         Reflect  .   g - +0 cloak
rCorr    .         Harm     .   (no gloves)
MR       .....     Clarity  +   (no barding)
Stlth    ..........             (no amulet)
HPRegen  0.10/turn              d - ring of protection from fire
MPRegen  0.09/turn              (no ring)

@: lethally poisoned (0 -> -1), drained, very quick
A: large, hooves 3, clarity, deformed body, speed 2, tough skin 3, wild magic 1
a: Depart the Abyss, Renounce Religion


You were on level 2 of the Dungeon.
You worshipped Lugonu.
Lugonu was aware of your devotion.
You were hungry.

You visited 1 branch of the dungeon, and saw 2 of its levels.
You visited the Abyss 1 time.

You collected 13 gold pieces.

Inventory:

Hand Weapons
 a - a +1 hand axe (weapon)
Armour
 g - a +0 cloak (worn)
 i - a +0 chain mail (worn)
Jewellery
 d - a ring of protection from fire (left hand)
Wands
 h - a wand of polymorph (12)
Scrolls
 b - a scroll of teleportation
 e - a scroll of fear {unknown}
 f - a scroll of identify
Books
 j - a Fen Folio

   Spells                             Type                      Level
   a - Corpse Rot                     Necromancy                   2
   b - Stone Arrow                    Conjuration/Earth            3
   c - Leda's Liquefaction            Hexes/Earth                  4
   d - Summon Forest                  Summoning/Translocation      5
   e - Hydra Form                     Transmutation                6
   f - Summon Hydra                   Summoning                    7
Comestibles
 c - 7 rations


   Skills:
 + Level 3.1(2.6) Fighting
 + Level 2.1(1.6) Axes
 * Level 2.1(1.7) Armour
 + Level 0.6(0.2) Dodging
 * Level 2.3(1.8) Invocations


You had 2 spell levels left.
You didn't know any spells.

Dungeon Overview and Level Annotations

Branches:
Dungeon (2/15)

Altars:


Innate Abilities, Weirdness & Mutations

You have hooves in place of feet.
Armour fits poorly on your strangely shaped body.
You cover ground very quickly.
You have extremely tough skin. (AC +3)
You possess an exceptional clarity of mind.
Your spells are a little harder to cast, but a little more powerful.


Message History

You aren't carrying any potions.
You closely miss the adder.
The adder is almost dead.
* * * LOW HITPOINT WARNING * * *
You feel sick.
The adder bites you but does no damage. x2
You hit the adder.
You kill the adder!
Lugonu accepts your kill.
You have reached level 3!
Your experience leads to an increase in your attributes!
Increase (S)trength, (I)ntelligence, or (D)exterity?
You feel agile.
* * * LOW HITPOINT WARNING * * *
You feel sick.
* * * LOW HITPOINT WARNING * * *
You feel sick.
* * * LOW HITPOINT WARNING * * *
You feel sick.
You see here a scroll labeled HAOSHI MOCI.
You die...

######## ##..<...##
##........## ###
#..........# ###.#
#..........# #...#
#........>.###.#.##
#...(......##..#.†#
#.@...?.......#....
##.........####....
#........## #....
#..........# #....
#............ #...<
#................#.
#..............(.#.
#..................
.........


There were no monsters in sight!

Vanquished Creatures
  An adder (D:2)
  A worm (D:2)
  A giant cockroach (D:1)
  4 goblins (D:1)
  A hobgoblin (D:1)
  6 kobolds (D:1)
  3 bats (D:1)
  A frilled lizard (D:1)
  3 rats
21 creatures vanquished.

Notes
Turn   | Place    | Note
-------+----------+-------------------------------------------
     0 | Abyss:1  | Gargoyl the Centaur Abyssal Knight began the quest for the Orb.
     0 | Abyss:1  | Reached XP level 1. HP: 19/19 MP: 2/2
    86 | Abyss:2  | Gained mutation: You possess an exceptional clarity of mind. [potion of mutation]
    86 | Abyss:2  | Gained mutation: Your spells are a little harder to cast, but a little more powerful. [potion of mutation]
   132 | Abyss:2  | Noticed a worldbinder
   133 | D:1      | Escaped the Abyss
   349 | D:1      | Reached * piety under Lugonu
   640 | D:1      | Reached XP level 2. HP: 18/26 MP: 3/3
  1421 | D:2      | Reached XP level 3. HP: 3/31 MP: 4/4
  1432 | D:2      | HP: 1/31 [poisoned by an adder]
  1438 | D:2      | Succumbed to an adder's poison

Skill      XL: |  1  2 |
---------------+-------+-----
Axes           | 2 |  2.1
Armour         | 2 |  2.1
Fighting       | |  3.1
Dodging        | |  0.6
Invocations    | |  2.3

Action                   || total
-------------------------++-------
Melee: Hand axe          ||    75
       Kick              ||     8
Invok: Depart the Abyss  ||     1
  Use: Scroll            ||     3
       Potion            ||     1
Armor: Scale mail        ||    34
       Chain mail        ||    38
Dodge: Dodged            ||    26
